Griffins vs Knights
Created - October 15, 2018 at 22:44
Goals
|
| Griffins |
1 |
0 |
3 |
0 |
1 |
4 |
| Knights |
2 |
2 |
0 |
0 |
2 |
5 |
|
Shots
|
| Griffins |
6 |
13 |
11 |
2 |
6 |
32 |
| Knights |
15 |
9 |
12 |
1 |
6 |
37 |
|
1st period
1. Knights , Pavel Buchnevich 1 (Michael Raffl 1, Jacob Trouba 1) at 0:40
2. Griffins , Tye McGinn 1 (Ben Hanowski 1, Jamie Arniel 2) at 14:13 (PP)
3. Knights , Noel Acciari 1 (Pavel Buchnevich 1) at 19:11
Penalties :
Jacob Trouba (Lon) for Tripping (Minor) at 4:18, Anton Slepyshev (Cap) for Slashing (Minor) at 10:39, Collin Miller (Lon) for Hooking (Minor) at 13:39
2nd period
4. Knights , Jordan Martinook 1 (Jaccob Slavin 1, Miro Aaltonen 1) at 4:56
5. Knights , Pavel Buchnevich 2 (Michael Raffl 2, Noel Acciari 1) at 15:51
Penalties :
Jordan Martinook (Lon) for Holding (Minor) at 5:59, Noel Acciari (Lon) for Interference (Minor) at 12:14, J.T. Brown (Cap) for Holding (Minor) at 18:28
3rd period
6. Griffins , Robert Dome 1 (Ryan Hartman 1, Anton Slepyshev 1) at 8:25
7. Griffins , Jamie Arniel 1 (Robert Dome 1, Ty Wishart 1) at 10:26
8. Griffins , Sean Monahan 1 (Oscar Klefbom 3, Petr Pohl 1) at 19:18
Penalties :
Anton Slepyshev (Cap) for Interference (Minor) at 6:00, Jamie Arniel (Cap) for Tripping (Minor) at 15:14
Overtime #1
No Goal
Penalties :
No Penalty
Shootout
Penalty Shot by Sean Monahan for Griffins - Stopped by Ben Scrivens
Penalty Shot by Michael Raffl for Knights - Goal!
Penalty Shot by Jamie Arniel for Griffins - Stopped by Ben Scrivens
Penalty Shot by Miro Aaltonen for Knights - Shot Misses the Net
Penalty Shot by Ben Hanowski for Griffins - Goal!
Penalty Shot by Pavel Buchnevich for Knights - Shot Misses the Net
Penalty Shot by Robert Dome for Griffins - Stopped by Ben Scrivens
Penalty Shot by Tom Wilson for Knights - Shot Misses the Net
Penalty Shot by Brendan Woods for Griffins - Stopped by Ben Scrivens
Penalty Shot by Jonathan Drouin for Knights - Shot Misses the Net
Penalty Shot by Quinton Howden for Griffins - Stopped by Ben Scrivens
Penalty Shot by Noel Acciari for Knights - Goal!
Penalties :
No Penalty
Goalie Stats
Jean-Francois Berube (Cap), 33 saves from 37 shots - (0.892), OTL, 0-1-1, 64:58 minutes
Ben Scrivens (Lon), 28 saves from 32 shots - (0.875), W, 1-0-0, 65:00 minutes
Players Stats for Griffins
Player Name G A P +/- PIM S H SB GA TA FO MP PP MP PK MP
------------------------------------------------------------------------------------
Anton Slepyshev 0 1 1 -1 4 0 0 0 0 0 0/0 9:42 0:00 0:00
Ben Hanowski 0 1 1 -1 0 1 2 0 0 0 0/0 16:48 2:18 0:00
Brendan Woods 0 0 0 0 0 0 1 0 0 0 0/0 14:47 0:00 4:20
Bryan Young 0 0 0 -1 0 3 0 5 0 1 0/0 25:07 0:00 4:25
J.T. Brown 0 0 0 0 2 1 0 1 0 0 0/0 12:50 2:54 0:49
Jamie Arniel 1 1 2 0 2 6 2 0 0 0 12/18 24:51 3:27 3:16
Nathan Gerbe 0 0 0 -1 0 0 0 1 0 0 0/1 3:31 0:34 0:00
Nathan Oystrick 0 0 0 -1 0 1 2 0 0 1 0/0 16:41 0:00 3:31
Oscar Klefbom 0 1 1 0 0 3 2 2 2 1 0/0 25:03 3:45 0:00
Petr Pohl 0 1 1 1 0 1 1 3 2 0 1/1 17:16 3:51 0:00
Petter Granberg 0 0 0 -1 0 0 0 0 0 1 0/0 15:17 2:46 0:00
Quinton Howden 0 0 0 0 0 1 1 1 2 1 3/3 11:55 0:00 1:20
Robert Dome 1 1 2 0 0 3 3 0 1 0 3/6 19:03 2:40 0:26
Ryan Hartman 0 1 1 -1 0 1 2 0 0 0 0/1 12:44 0:45 2:13
Sean Monahan 1 0 1 1 0 7 1 4 0 1 5/20 22:27 3:48 0:18
Simon Despres 0 0 0 0 0 0 0 3 0 0 0/0 23:03 2:46 3:31
Ty Wishart 0 1 1 0 0 0 2 1 0 0 0/0 20:40 0:18 4:25
Tye McGinn 1 0 1 0 0 4 2 1 0 0 1/3 20:15 2:43 3:10
Players Stats for Knights
Player Name G A P +/- PIM S H SB GA TA FO MP PP MP PK MP
------------------------------------------------------------------------------------
Brendan Gaunce 0 0 0 -1 0 0 1 0 0 0 3/5 9:21 0:00 1:28
Brett Connolly 0 0 0 -1 0 2 0 0 0 0 0/0 8:30 0:05 0:00
Collin Miller 0 0 0 -1 2 0 0 1 0 0 0/0 19:31 3:15 1:12
Jaccob Slavin 0 1 1 0 0 5 1 0 1 0 0/0 24:32 4:41 3:44
Jacob Trouba 0 1 1 2 2 1 2 1 0 2 0/0 24:45 3:15 1:35
Jonathan Drouin 0 0 0 0 0 3 0 0 0 0 4/5 13:20 3:35 0:00
Jordan Martinook 1 0 1 1 2 2 2 0 0 0 0/0 12:58 0:00 0:00
Linden Vey 0 0 0 1 0 3 0 0 0 1 6/6 20:07 3:35 3:09
Ludwig Bystrom 0 0 0 -1 0 1 0 0 0 1 0/0 13:30 0:00 0:01
Michael Matheson 0 0 0 0 0 0 0 1 1 0 0/0 19:29 0:00 2:47
Michael Raffl 0 2 2 1 0 0 2 1 1 0 0/0 24:42 4:16 3:45
Miro Aaltonen 0 1 1 1 0 0 2 0 0 0 5/12 18:10 4:08 0:00
Noel Acciari 1 1 2 1 2 5 1 0 0 0 9/22 18:42 0:00 1:54
Pavel Buchnevich 2 1 3 1 0 4 0 0 0 1 0/1 18:47 4:16 0:00
Scott Wilson 0 0 0 -1 0 3 0 0 0 0 0/1 10:39 0:00 0:45
Tom Wilson 0 0 0 0 0 2 4 0 1 0 1/1 14:26 0:18 2:01
Tomas Kundratek 0 0 0 2 0 3 1 0 2 2 0/0 28:36 4:41 3:43
Valentin Zykov 0 0 0 0 0 3 3 0 0 0 0/0 13:20 3:35 0:00
3 Stars
1 - Pavel Buchnevich (Lon)
2 - Robert Dome (Cap)
3 - Michael Raffl (Lon)
Power Play
Griffins - 1 on 4 Attempt(s) - 25.00%
Knights - 0 on 4 Attempt(s) - 0.00%
Penalty Kill
Griffins - 4 on 4 Attempt(s) - 100.00%
- Score 0 goal in Penalty Kill
Knights - 3 on 4 Attempt(s) - 75.00%
- Score 0 goal in Penalty Kill
Team Stat
Griffins - Hits : 21 - Faceoff Wins : 25 - Blocked Shots : 22 - Penalty Minutes : 8
Knights - Hits : 19 - Faceoff Wins : 28 - Blocked Shots : 4 - Penalty Minutes : 8
Official
Referees : Unknown
Linesman : Unknown
Game Notes
Nathan Gerbe is injured at 9:31 of 1st period (Broken Nose)
Finance
Level 1 -- Attendance: 1367 (68.35%) -- Ticket Income $45,111
Level 2 -- Attendance: 727 (72.70%) -- Ticket Income $13,086
Total Attendance: 2094 (69.80%)
Total Ticket Income: $58,197
Other Income: $2,910
Total Income: $61,107
Griffins
5 vs 5 Forward
Center Left Wing Right Wing Time % Phy DF OF
1 Jamie Arniel Nathan Gerbe Ben Hanowski 40 0 2 3
2 Sean Monahan Tye McGinn Petr Pohl 30 0 2 3
3 Robert Dome Anton Slepyshev Ryan Hartman 20 0 2 3
4 Quinton Howden Brendan Woods J.T. Brown 10 0 2 3
5 vs 5 Defense
Defense Defense Time % Phy DF OF
1 Oscar Klefbom Bryan Young 40 0 2 3
2 Simon Despres Ty Wishart 30 0 3 2
3 Petter Granberg Nathan Oystrick 20 0 3 2
4 Petter Granberg Nathan Oystrick 10 1 2 2
PowerPlay Forward
Center Left Wing Right Wing Time % Phy DF OF
1 Sean Monahan Nathan Gerbe Petr Pohl 60 0 1 4
2 Robert Dome Tye McGinn Ben Hanowski 40 0 1 4
PowerPlay Defense
Defense Defense Time % Phy DF OF
1 Oscar Klefbom Jamie Arniel 60 0 1 4
2 Simon Despres Petter Granberg 40 0 1 4
Penalty Kill 4 Players Forward
Center Wing Time % Phy DF OF
1 Jamie Arniel Brendan Woods 60 1 2 2
2 Tye McGinn J.T. Brown 40 1 2 2
Penalty Kill 4 Players Defense
Defense Defense Time % Phy DF OF
1 Bryan Young Ty Wishart 60 1 2 2
2 Nathan Oystrick Simon Despres 40 1 2 2
Penalty Kill - 3 Players Forward
Forward Time % Phy DF OF
1 Jamie Arniel 60 1 2 2
2 Brendan Woods 40 1 2 2
Penalty Kill - 3 Players Defense
Defense Defense Time % Phy DF OF
1 Bryan Young Ty Wishart 60 1 2 2
2 Nathan Oystrick Simon Despres 40 1 2 2
4 vs 4 Forward
Center Wing Time % Phy DF OF
1 Sean Monahan Petr Pohl 60 1 2 2
2 Jamie Arniel Tye McGinn 40 1 2 2
4 vs 4 Defense
Defense Defense Time % Phy DF OF
1 Oscar Klefbom Bryan Young 60 1 2 2
2 Simon Despres Ty Wishart 40 1 2 2
Last Minutes Offensive
Center Left Wing Right Wing Defense Defense
Sean Monahan Tye McGinn Petr Pohl Oscar Klefbom Jamie Arniel
Last Minutes Defensive
Center Left Wing Right Wing Defense Defense
Jamie Arniel Brendan Woods J.T. Brown Bryan Young Nathan Oystrick
Goaltenders
Starting : Jean-Francois Berube
Backup : Marcus Hogberg
Extra Forwards
Normal : Jamie Arniel, Sean Monahan, Robert Dome - PP : J.T. Brown, Ryan Hartman - PK : Ryan Hartman
Extra Defensemen
Normal : Oscar Klefbom, Simon Despres, Petter Granberg - PP : Ty Wishart - PK : Oscar Klefbom, Petter Granberg
Penalty Shots
Nathan Gerbe, Sean Monahan, Jamie Arniel, Ben Hanowski, Robert Dome
Scratches
Vladislav Namestnikov (Healthy), Garrett Wilson (Healthy), Tanner Kero (Healthy), Greg McKegg (Healthy), Lucas Lessio (Healthy)
Jerome Gauthier-Leduc (Healthy), Konrad Abeltshauser (Healthy), Tomas Hyka (Healthy), Brian Hart (Healthy), Mirco Mueller (Healthy)
Ian McCoshen (Healthy), Jan Mursak (Healthy), Matt Tomkins (Healthy)
Knights
5 vs 5 Forward
Center Left Wing Right Wing Time % Phy DF OF
1 Noel Acciari Michael Raffl Pavel Buchnevich 36 1 1 3
2 Miro Aaltonen Jordan Martinook Linden Vey 30 1 1 3
3 Jonathan Drouin Valentin Zykov Tom Wilson 24 1 1 3
4 Brendan Gaunce Scott Wilson Brett Connolly 10 2 1 2
5 vs 5 Defense
Defense Defense Time % Phy DF OF
1 Jacob Trouba Tomas Kundratek 40 1 2 2
2 Michael Matheson Jaccob Slavin 30 1 1 3
3 Ludwig Bystrom Collin Miller 20 1 2 2
4 Jacob Trouba Jaccob Slavin 10 1 2 2
PowerPlay Forward
Center Left Wing Right Wing Time % Phy DF OF
1 Miro Aaltonen Michael Raffl Pavel Buchnevich 60 1 1 3
2 Jonathan Drouin Valentin Zykov Linden Vey 40 1 1 3
PowerPlay Defense
Defense Defense Time % Phy DF OF
1 Jaccob Slavin Tomas Kundratek 60 0 1 4
2 Collin Miller Jacob Trouba 40 0 1 4
Penalty Kill 4 Players Forward
Center Wing Time % Phy DF OF
1 Linden Vey Michael Raffl 60 1 3 1
2 Noel Acciari Tom Wilson 40 1 3 1
Penalty Kill 4 Players Defense
Defense Defense Time % Phy DF OF
1 Tomas Kundratek Jaccob Slavin 60 1 3 1
2 Michael Matheson Jacob Trouba 40 1 3 1
Penalty Kill - 3 Players Forward
Forward Time % Phy DF OF
1 Michael Raffl 60 0 4 1
2 Linden Vey 40 0 4 1
Penalty Kill - 3 Players Defense
Defense Defense Time % Phy DF OF
1 Jaccob Slavin Tomas Kundratek 60 1 3 1
2 Jacob Trouba Michael Matheson 40 1 3 1
4 vs 4 Forward
Center Wing Time % Phy DF OF
1 Tom Wilson Michael Raffl 60 1 2 2
2 Linden Vey Noel Acciari 40 1 2 2
4 vs 4 Defense
Defense Defense Time % Phy DF OF
1 Tomas Kundratek Michael Matheson 60 1 2 2
2 Jacob Trouba Collin Miller 40 1 2 2
Last Minutes Offensive
Center Left Wing Right Wing Defense Defense
Noel Acciari Michael Raffl Linden Vey Tomas Kundratek Jacob Trouba
Last Minutes Defensive
Center Left Wing Right Wing Defense Defense
Noel Acciari Michael Raffl Linden Vey Tomas Kundratek Jacob Trouba
Goaltenders
Starting : Ben Scrivens
Backup : Magnus Hellberg
Extra Forwards
Normal : Tom Wilson, Miro Aaltonen, Michael Raffl - PP : Tom Wilson, Michael Raffl - PK : Michael Raffl
Extra Defensemen
Normal : Michael Matheson, Tomas Kundratek, Jacob Trouba - PP : Jacob Trouba - PK : Jaccob Slavin, Jacob Trouba
Penalty Shots
Michael Raffl, Miro Aaltonen, Pavel Buchnevich, Tom Wilson, Jonathan Drouin
Scratches
Stefan Matteau (Healthy), Zach Nastasiuk (Healthy), Cody Bass (Healthy), Alan Quine (Healthy), Matt Puempel (Healthy)
David Shields (Healthy), Matthew Benning (Healthy), Matt Grzelcyk (Healthy), Trevor Moore (Healthy), Curtis Valk (Healthy)
Anthony Louis (Healthy), Travis Boyd (Healthy), Zach Trotman (Healthy), Anton Blidh (Healthy), Andrei Mironov (Healthy)
A.J. Jenks (Healthy), Connor Knapp (Healthy), Philippe Desrosiers (Healthy), Ville Husso (Healthy)
% Time on Ice - Griffins
Lines # - Real PCT - Wanted PCT - Time Play
Normal Forward
1 - 35% - 40% - 15:45
2 - 25% - 30% - 11:15
3 - 21% - 20% - 9:40
4 - 18% - 10% - 8:19
Normal Defense
1 - 43% - 40% - 19:13
2 - 31% - 30% - 14:06
3 - 19% - 20% - 8:46
4 - 6% - 10% - 2:54
PP Forward
1 - 59% - 60% - 3:51
2 - 41% - 40% - 2:40
PP Defense
1 - 58% - 60% - 3:45
2 - 42% - 40% - 2:46
PK Forward
1 - 84% - 60% - 6:42
2 - 16% - 40% - 1:14
PK Defense
1 - 56% - 60% - 4:25
2 - 44% - 40% - 3:31
PK3 Forward
1 - 0% - 60%
2 - 0% - 40%
PK3 Defense
1 - 0% - 60%
2 - 0% - 40%
44 Forward
1 - 100% - 60% - 5:00
2 - 0% - 40% - 0:00
44 Defense
1 - 56% - 60% - 2:47
2 - 44% - 40% - 2:13
Last Minute Offensive - 0:34
Last Minute Defensive - 0:00
Total
Forward - 65:00
Defense - 65:00
|
% Time on Ice - Knights
Lines # - Real PCT - Wanted PCT - Time Play
Normal Forward
1 - 32% - 36% - 14:31
2 - 30% - 30% - 13:33
3 - 21% - 24% - 9:24
4 - 17% - 10% - 7:36
Normal Defense
1 - 40% - 40% - 18:12
2 - 30% - 30% - 13:41
3 - 28% - 20% - 12:43
4 - 1% - 10% - 0:28
PP Forward
1 - 55% - 60% - 4:21
2 - 45% - 40% - 3:35
PP Defense
1 - 59% - 60% - 4:41
2 - 41% - 40% - 3:15
PK Forward
1 - 69% - 60% - 4:30
2 - 31% - 40% - 2:01
PK Defense
1 - 57% - 60% - 3:44
2 - 43% - 40% - 2:47
PK3 Forward
1 - 0% - 60%
2 - 0% - 40%
PK3 Defense
1 - 0% - 60%
2 - 0% - 40%
44 Forward
1 - 81% - 60% - 4:03
2 - 19% - 40% - 0:57
44 Defense
1 - 53% - 60% - 2:40
2 - 47% - 40% - 2:20
Last Minute Offensive - 0:00
Last Minute Defensive - 0:29
Total
Forward - 65:00
Defense - 65:00
|
Play by Play
1st period
0:01 of 1st period - Noel Acciari wins face-off versus Nathan Gerbe in neutral zone.
0:06 of 1st period - Snap shot by Noel Acciari.
0:06 of 1st period - Shot Blocked by Oscar Klefbom.
0:30 of 1st period - Wrist shot by Jamie Arniel.
0:30 of 1st period - Shot Blocked by Jacob Trouba.
0:32 of 1st period - Slapshot by Bryan Young.
0:32 of 1st period - Deflect By Michael Raffl.
0:32 of 1st period - Stopped by Ben Scrivens with a rebound.
0:40 of 1st period - Wrist shot by Pavel Buchnevich.
0:40 of 1st period - Goal by Pavel Buchnevich - Griffins : 0 - Knights : 1.
0:41 of 1st period - Sean Monahan wins face-off versus Miro Aaltonen in neutral zone.
0:52 of 1st period - Snap shot by Tye McGinn.
0:52 of 1st period - Shot Misses the Net.
1:06 of 1st period - Simon Despres is hit by Tom Wilson and loses puck.
1:38 of 1st period - Snap shot by Brendan Woods.
1:38 of 1st period - Shot Misses the Net.
1:56 of 1st period - Wrist shot by Nathan Gerbe.
1:56 of 1st period - Shot Blocked by Michael Raffl.
1:58 of 1st period - Snap shot by Jamie Arniel.
1:58 of 1st period - Stopped by Ben Scrivens with a rebound.
2:31 of 1st period - Wrist shot by J.T. Brown.
2:31 of 1st period - Shot Misses the Net.
2:37 of 1st period - Snap shot by Valentin Zykov.
2:37 of 1st period - Stopped by Jean-Francois Berube without a rebound.
2:38 of 1st period - Jonathan Drouin wins face-off versus Sean Monahan in Griffins zone.
3:05 of 1st period - Icing by Bryan Young.
3:06 of 1st period - Jamie Arniel wins face-off versus Miro Aaltonen in Griffins zone.
3:30 of 1st period - Snap shot by Nathan Gerbe.
3:30 of 1st period - Shot Misses the Net.
3:32 of 1st period - Slapshot by Petter Granberg.
3:32 of 1st period - Shot Misses the Net.
3:43 of 1st period - Snap shot by Nathan Gerbe.
3:43 of 1st period - Shot Misses the Net.
4:05 of 1st period - Snap shot by Linden Vey.
4:05 of 1st period - Stopped by Jean-Francois Berube with a rebound.
4:18 of 1st period - Minor Penalty to Jacob Trouba for Tripping.
4:19 of 1st period - Sean Monahan wins face-off versus Noel Acciari in Knights zone.
6:18 of 1st period - Penalty to Jacob Trouba is over, Jacob Trouba is back on ice.
7:04 of 1st period - Petter Granberg is hit by Jordan Martinook and loses puck.
7:25 of 1st period - Ben Hanowski is hit by Tom Wilson and loses puck.
8:11 of 1st period - Icing by Scott Wilson.
8:12 of 1st period - Brendan Gaunce wins face-off versus Sean Monahan in Knights zone.
8:19 of 1st period - Slapshot by Tom Wilson.
8:19 of 1st period - Shot Misses the Net.
8:25 of 1st period - Petr Pohl is hit by Tom Wilson and loses puck.
9:05 of 1st period - Icing by Oscar Klefbom.
9:06 of 1st period - Robert Dome wins face-off versus Jonathan Drouin in Griffins zone.
9:13 of 1st period - Slapshot by Oscar Klefbom.
9:13 of 1st period - Stopped by Ben Scrivens without a rebound.
9:14 of 1st period - Jonathan Drouin wins face-off versus Sean Monahan in Knights zone.
9:25 of 1st period - Wrist shot by Jonathan Drouin.
9:25 of 1st period - Shot Blocked by Ty Wishart.
9:27 of 1st period - Slapshot by Jacob Trouba.
9:27 of 1st period - Shot Blocked by Sean Monahan.
9:29 of 1st period - Slapshot by Tomas Kundratek.
9:29 of 1st period - Stopped by Jean-Francois Berube without a rebound.
9:30 of 1st period - Noel Acciari wins face-off versus Jamie Arniel in Griffins zone.
9:31 of 1st period - Snap shot by Michael Raffl.
9:31 of 1st period - Deflect By Simon Despres.
9:31 of 1st period - Shot Blocked by Nathan Gerbe.
9:31 of 1st period - Nathan Gerbe from Griffins is injured at 9:31 of 1st period (Broken Nose).
9:32 of 1st period - Sean Monahan wins face-off versus Noel Acciari in Griffins zone.
10:26 of 1st period - Michael Matheson is hit by Quinton Howden and loses puck.
10:39 of 1st period - Minor Penalty to Anton Slepyshev for Slashing.
10:40 of 1st period - Jamie Arniel wins face-off versus Miro Aaltonen in Griffins zone.
10:50 of 1st period - Michael Raffl is hit by Jamie Arniel.
11:16 of 1st period - Snap shot by Jonathan Drouin.
11:16 of 1st period - Stopped by Jean-Francois Berube with a rebound.
12:37 of 1st period - Brendan Woods is hit by Jaccob Slavin and loses puck.
12:39 of 1st period - Penalty to Anton Slepyshev is over, Anton Slepyshev is back on ice.
12:57 of 1st period - Slapshot by Jaccob Slavin.
12:57 of 1st period - Stopped by Jean-Francois Berube without a rebound.
12:58 of 1st period - Brendan Gaunce wins face-off versus Tye McGinn in Griffins zone.
12:59 of 1st period - Wrist shot by Scott Wilson.
12:59 of 1st period - Stopped by Jean-Francois Berube without a rebound.
13:00 of 1st period - Brendan Gaunce wins face-off versus Sean Monahan in Griffins zone.
13:01 of 1st period - Snap shot by Brett Connolly.
13:01 of 1st period - Stopped by Jean-Francois Berube with a rebound.
13:24 of 1st period - Ludwig Bystrom is hit by Ryan Hartman and loses puck.
13:31 of 1st period - Snap shot by Robert Dome.
13:31 of 1st period - Stopped by Ben Scrivens with a rebound.
13:33 of 1st period - Slapshot by Ryan Hartman.
13:33 of 1st period - Stopped by Ben Scrivens with a rebound.
13:39 of 1st period - Minor Penalty to Collin Miller for Hooking.
13:40 of 1st period - Linden Vey wins face-off versus Sean Monahan in Knights zone.
14:13 of 1st period - Snap shot by Tye McGinn.
14:13 of 1st period - Goal by Tye McGinn - Griffins : 1 - Knights : 1.
14:14 of 1st period - Jamie Arniel wins face-off versus Noel Acciari in neutral zone.
14:19 of 1st period - Slapshot by Ben Hanowski.
14:19 of 1st period - Shot Misses the Net.
14:28 of 1st period - Snap shot by Pavel Buchnevich.
14:28 of 1st period - Shot Hit the Post.
14:30 of 1st period - Slapshot by Michael Matheson.
14:30 of 1st period - Shot Blocked by Sean Monahan.
14:40 of 1st period - Jamie Arniel is hit by Valentin Zykov and loses puck.
14:49 of 1st period - Jaccob Slavin is hit by Ben Hanowski and loses puck.
15:18 of 1st period - Wrist shot by Linden Vey.
15:18 of 1st period - Shot Blocked by Simon Despres.
15:20 of 1st period - Backhand shot by Linden Vey.
15:20 of 1st period - Stopped by Jean-Francois Berube with a rebound.
15:36 of 1st period - J.T. Brown is hit by Michael Raffl and loses puck.
16:49 of 1st period - Sean Monahan is hit by Jacob Trouba and loses puck.
17:12 of 1st period - Wrist shot by Jonathan Drouin.
17:12 of 1st period - Stopped by Jean-Francois Berube with a rebound.
17:57 of 1st period - Slapshot by Jaccob Slavin.
17:57 of 1st period - Stopped by Jean-Francois Berube with a rebound.
19:01 of 1st period - Snap shot by Scott Wilson.
19:01 of 1st period - Shot Blocked by Oscar Klefbom.
19:03 of 1st period - Snap shot by Collin Miller.
19:03 of 1st period - Shot Blocked by Sean Monahan.
19:05 of 1st period - Wrist shot by Brett Connolly.
19:05 of 1st period - Stopped by Jean-Francois Berube with a rebound.
19:07 of 1st period - Snap shot by Ludwig Bystrom.
19:07 of 1st period - Deflect By Sean Monahan.
19:07 of 1st period - Stopped by Jean-Francois Berube without a rebound.
19:08 of 1st period - Noel Acciari wins face-off versus Robert Dome in Griffins zone.
19:11 of 1st period - Wrist shot by Noel Acciari.
19:11 of 1st period - Goal by Noel Acciari - Griffins : 1 - Knights : 2.
19:12 of 1st period - Noel Acciari wins face-off versus Jamie Arniel in neutral zone.
19:25 of 1st period - Snap shot by Noel Acciari.
19:25 of 1st period - Stopped by Jean-Francois Berube with a rebound.
Goals for this period are 1 for Griffins vs 2 for Knights.
Shots for this period are 6 for Griffins vs 15 for Knights.
2nd period
0:01 of 2nd period - Jamie Arniel wins face-off versus Noel Acciari in neutral zone.
0:14 of 2nd period - Snap shot by Jamie Arniel.
0:14 of 2nd period - Shot Misses the Net.
0:16 of 2nd period - Slapshot by Bryan Young.
0:16 of 2nd period - Deflect By Tomas Kundratek.
0:16 of 2nd period - Stopped by Ben Scrivens with a rebound.
0:30 of 2nd period - Snap shot by Tomas Kundratek.
0:30 of 2nd period - Shot Blocked by Quinton Howden.
0:48 of 2nd period - Pavel Buchnevich is hit by Ty Wishart and loses puck.
0:55 of 2nd period - Snap shot by Sean Monahan.
0:55 of 2nd period - Stopped by Ben Scrivens without a rebound.
0:56 of 2nd period - Linden Vey wins face-off versus Jamie Arniel in Knights zone.
1:59 of 2nd period - Jamie Arniel is hit by Jordan Martinook and loses puck.
2:42 of 2nd period - Michael Raffl is hit by Petr Pohl and loses puck.
3:21 of 2nd period - Slapshot by Jaccob Slavin.
3:21 of 2nd period - Stopped by Jean-Francois Berube without a rebound.
3:22 of 2nd period - Quinton Howden wins face-off versus Noel Acciari in Griffins zone.
3:47 of 2nd period - Jacob Trouba is hit by Ben Hanowski and loses puck.
3:54 of 2nd period - Backhand shot by Ben Hanowski.
3:54 of 2nd period - Deflect By Sean Monahan.
3:54 of 2nd period - Stopped by Ben Scrivens without a rebound.
3:55 of 2nd period - Noel Acciari wins face-off versus Sean Monahan in Knights zone.
3:55 of 2nd period - Noel Acciari is hit by Nathan Oystrick.
4:07 of 2nd period - Wrist shot by Sean Monahan.
4:07 of 2nd period - Stopped by Ben Scrivens with a rebound.
4:29 of 2nd period - Wrist shot by Ben Hanowski.
4:29 of 2nd period - Stopped by Ben Scrivens with a rebound.
4:39 of 2nd period - Nathan Oystrick is hit by Miro Aaltonen and loses puck.
4:48 of 2nd period - Snap shot by Miro Aaltonen.
4:48 of 2nd period - Shot Misses the Net.
4:50 of 2nd period - Slapshot by Jaccob Slavin.
4:50 of 2nd period - Stopped by Jean-Francois Berube with a rebound.
4:56 of 2nd period - Snap shot by Jordan Martinook.
4:56 of 2nd period - Goal by Jordan Martinook - Griffins : 1 - Knights : 3.
4:57 of 2nd period - Sean Monahan wins face-off versus Noel Acciari in neutral zone.
5:38 of 2nd period - Tom Wilson is hit by Jamie Arniel.
5:59 of 2nd period - Minor Penalty to Jordan Martinook for Holding.
6:00 of 2nd period - Linden Vey wins face-off versus Sean Monahan in Knights zone.
6:12 of 2nd period - Icing by Sean Monahan.
6:13 of 2nd period - Linden Vey wins face-off versus Sean Monahan in Griffins zone.
6:22 of 2nd period - Backhand shot by Jamie Arniel.
6:22 of 2nd period - Deflect By Sean Monahan.
6:22 of 2nd period - Shot Misses the Net.
6:22 of 2nd period - Puck is out of play.
6:23 of 2nd period - Linden Vey wins face-off versus Sean Monahan in Knights zone.
7:33 of 2nd period - Petr Pohl is hit by Tomas Kundratek and loses puck.
7:44 of 2nd period - Petter Granberg is hit by Noel Acciari and loses puck.
7:59 of 2nd period - Penalty to Jordan Martinook is over, Jordan Martinook is back on ice.
8:11 of 2nd period - Brendan Gaunce is hit by Oscar Klefbom and loses puck.
8:58 of 2nd period - Icing by Tye McGinn.
8:59 of 2nd period - Jamie Arniel wins face-off versus Noel Acciari in Griffins zone.
9:16 of 2nd period - Jacob Trouba is hit by Ryan Hartman and loses puck.
9:31 of 2nd period - Slapshot by Sean Monahan.
9:31 of 2nd period - Shot Misses the Net.
9:33 of 2nd period - Snap shot by Sean Monahan.
9:33 of 2nd period - Shot Misses the Net.
9:35 of 2nd period - Snap shot by Jamie Arniel.
9:35 of 2nd period - Stopped by Ben Scrivens without a rebound.
9:36 of 2nd period - Miro Aaltonen wins face-off versus Sean Monahan in Knights zone.
9:36 of 2nd period - Miro Aaltonen is hit by Tye McGinn.
10:27 of 2nd period - Wrist shot by J.T. Brown.
10:27 of 2nd period - Stopped by Ben Scrivens with a rebound.
10:29 of 2nd period - Slapshot by Nathan Oystrick.
10:29 of 2nd period - Shot Misses the Net.
11:03 of 2nd period - Wrist shot by Petr Pohl.
11:03 of 2nd period - Stopped by Ben Scrivens with a rebound.
11:25 of 2nd period - Wrist shot by Noel Acciari.
11:25 of 2nd period - Stopped by Jean-Francois Berube with a rebound.
11:27 of 2nd period - Snap shot by Noel Acciari.
11:27 of 2nd period - Shot Blocked by Simon Despres.
11:29 of 2nd period - Wrist shot by Noel Acciari.
11:29 of 2nd period - Stopped by Jean-Francois Berube without a rebound.
11:30 of 2nd period - Miro Aaltonen wins face-off versus Robert Dome in Griffins zone.
11:31 of 2nd period - Snap shot by Linden Vey.
11:31 of 2nd period - Shot Misses the Net.
11:37 of 2nd period - Jaccob Slavin is hit by Robert Dome and loses puck.
11:44 of 2nd period - Slapshot by Robert Dome.
11:44 of 2nd period - Stopped by Ben Scrivens without a rebound.
11:45 of 2nd period - Jamie Arniel wins face-off versus Noel Acciari in Knights zone.
11:50 of 2nd period - Snap shot by Jamie Arniel.
11:50 of 2nd period - Stopped by Ben Scrivens with a rebound.
11:52 of 2nd period - Slapshot by Jamie Arniel.
11:52 of 2nd period - Deflect By Michael Matheson.
11:52 of 2nd period - Shot Misses the Net.
11:52 of 2nd period - Puck is out of play.
11:53 of 2nd period - Jamie Arniel wins face-off versus Noel Acciari in Knights zone.
11:56 of 2nd period - Snap shot by Sean Monahan.
11:56 of 2nd period - Stopped by Ben Scrivens with a rebound.
11:58 of 2nd period - Wrist shot by Jamie Arniel.
11:58 of 2nd period - Shot Misses the Net.
12:14 of 2nd period - Minor Penalty to Noel Acciari for Interference.
12:15 of 2nd period - Linden Vey wins face-off versus Sean Monahan in Knights zone.
13:19 of 2nd period - Icing by Petr Pohl.
13:20 of 2nd period - Sean Monahan wins face-off versus Brendan Gaunce in Griffins zone.
13:35 of 2nd period - Michael Raffl is hit by Robert Dome and loses puck.
14:14 of 2nd period - Penalty to Noel Acciari is over, Noel Acciari is back on ice.
14:29 of 2nd period - Slapshot by Quinton Howden.
14:29 of 2nd period - Stopped by Ben Scrivens without a rebound.
14:30 of 2nd period - Quinton Howden wins face-off versus Noel Acciari in Knights zone.
15:17 of 2nd period - Wrist shot by Jonathan Drouin.
15:17 of 2nd period - Deflect By Tom Wilson.
15:17 of 2nd period - Stopped by Jean-Francois Berube without a rebound.
15:18 of 2nd period - Miro Aaltonen wins face-off versus Jamie Arniel in Griffins zone.
15:49 of 2nd period - Wrist shot by Michael Raffl.
15:49 of 2nd period - Shot Misses the Net.
15:51 of 2nd period - Backhand shot by Pavel Buchnevich.
15:51 of 2nd period - Goal by Pavel Buchnevich - Griffins : 1 - Knights : 4.
15:52 of 2nd period - Noel Acciari wins face-off versus Tye McGinn in neutral zone.
16:03 of 2nd period - Wrist shot by Noel Acciari.
16:03 of 2nd period - Shot Misses the Net.
16:23 of 2nd period - Slapshot by Tomas Kundratek.
16:23 of 2nd period - Shot Blocked by Bryan Young.
16:25 of 2nd period - Snap shot by Jordan Martinook.
16:25 of 2nd period - Stopped by Jean-Francois Berube without a rebound.
16:26 of 2nd period - Miro Aaltonen wins face-off versus Jamie Arniel in Griffins zone.
16:35 of 2nd period - Snap shot by Sean Monahan.
16:35 of 2nd period - Stopped by Ben Scrivens with a rebound.
17:58 of 2nd period - Slapshot by Jaccob Slavin.
17:58 of 2nd period - Shot Misses the Net.
18:00 of 2nd period - Wrist shot by Brendan Gaunce.
18:00 of 2nd period - Shot Blocked by Tye McGinn.
18:02 of 2nd period - Slapshot by Michael Matheson.
18:02 of 2nd period - Deflect By Scott Wilson.
18:02 of 2nd period - Shot Blocked by Petr Pohl.
18:02 of 2nd period - Puck is out of play.
18:03 of 2nd period - Jamie Arniel wins face-off versus Brendan Gaunce in Griffins zone.
18:24 of 2nd period - Backhand shot by Scott Wilson.
18:24 of 2nd period - Stopped by Jean-Francois Berube with a rebound.
18:26 of 2nd period - Slapshot by Jacob Trouba.
18:26 of 2nd period - Shot Misses the Net.
18:28 of 2nd period - Minor Penalty to J.T. Brown for Holding.
18:29 of 2nd period - Jamie Arniel wins face-off versus Pavel Buchnevich in Griffins zone.
18:56 of 2nd period - Ty Wishart is hit by Valentin Zykov and loses puck.
Goals for this period are 0 for Griffins vs 2 for Knights.
Shots for this period are 13 for Griffins vs 9 for Knights.
3rd period
0:01 of 3rd period - Jamie Arniel wins face-off versus Miro Aaltonen in neutral zone.
0:11 of 3rd period - Bryan Young is hit by Miro Aaltonen and loses puck.
0:28 of 3rd period - Penalty to J.T. Brown is over, J.T. Brown is back on ice.
1:03 of 3rd period - Wrist shot by Jamie Arniel.
1:03 of 3rd period - Shot Misses the Net.
1:19 of 3rd period - Wrist shot by Pavel Buchnevich.
1:19 of 3rd period - Stopped by Jean-Francois Berube without a rebound.
1:20 of 3rd period - Jonathan Drouin wins face-off versus Sean Monahan in Griffins zone.
1:21 of 3rd period - Wrist shot by Valentin Zykov.
1:21 of 3rd period - Stopped by Jean-Francois Berube with a rebound.
1:23 of 3rd period - Slapshot by Jacob Trouba.
1:23 of 3rd period - Shot Blocked by Bryan Young.
1:25 of 3rd period - Snap shot by Tom Wilson.
1:25 of 3rd period - Shot Blocked by Bryan Young.
1:27 of 3rd period - Slapshot by Tomas Kundratek.
1:27 of 3rd period - Shot Misses the Net.
1:29 of 3rd period - Wrist shot by Tom Wilson.
1:29 of 3rd period - Shot Blocked by Sean Monahan.
1:31 of 3rd period - Snap shot by Valentin Zykov.
1:31 of 3rd period - Stopped by Jean-Francois Berube with a rebound.
1:33 of 3rd period - Snap shot by Tom Wilson.
1:33 of 3rd period - Shot Blocked by Bryan Young.
1:35 of 3rd period - Snap shot by Jacob Trouba.
1:35 of 3rd period - Stopped by Jean-Francois Berube with a rebound.
2:17 of 3rd period - Snap shot by Jaccob Slavin.
2:17 of 3rd period - Deflect By Miro Aaltonen.
2:17 of 3rd period - Shot Blocked by Petr Pohl.
2:17 of 3rd period - Puck is out of play.
2:18 of 3rd period - Petr Pohl wins face-off versus Miro Aaltonen in Griffins zone.
2:25 of 3rd period - Wrist shot by Sean Monahan.
2:25 of 3rd period - Stopped by Ben Scrivens without a rebound.
2:26 of 3rd period - Noel Acciari wins face-off versus Robert Dome in Knights zone.
2:32 of 3rd period - Icing by Jaccob Slavin.
2:33 of 3rd period - Robert Dome wins face-off versus Noel Acciari in Knights zone.
3:07 of 3rd period - Wrist shot by Jonathan Drouin.
3:07 of 3rd period - Shot Misses the Net.
3:09 of 3rd period - Slapshot by Tom Wilson.
3:09 of 3rd period - Stopped by Jean-Francois Berube with a rebound.
3:11 of 3rd period - Slapshot by Tom Wilson.
3:11 of 3rd period - Shot Blocked by Bryan Young.
3:48 of 3rd period - Snap shot by Anton Slepyshev.
3:48 of 3rd period - Shot Misses the Net.
3:56 of 3rd period - Wrist shot by Tomas Kundratek.
3:56 of 3rd period - Stopped by Jean-Francois Berube with a rebound.
3:58 of 3rd period - Wrist shot by Jacob Trouba.
3:58 of 3rd period - Shot Blocked by Simon Despres.
4:08 of 3rd period - Collin Miller is hit by Tye McGinn and loses puck.
4:13 of 3rd period - Wrist shot by Petr Pohl.
4:13 of 3rd period - Shot Blocked by Collin Miller.
4:15 of 3rd period - Slapshot by Nathan Oystrick.
4:15 of 3rd period - Shot Misses the Net.
4:17 of 3rd period - Slapshot by Tye McGinn.
4:17 of 3rd period - Stopped by Ben Scrivens with a rebound.
4:19 of 3rd period - Slapshot by Nathan Oystrick.
4:19 of 3rd period - Stopped by Ben Scrivens with a rebound.
6:00 of 3rd period - Minor Penalty to Anton Slepyshev for Interference.
6:01 of 3rd period - Jamie Arniel wins face-off versus Miro Aaltonen in Griffins zone.
6:01 of 3rd period - Jamie Arniel is hit by Michael Raffl.
6:33 of 3rd period - Slapshot by Jaccob Slavin.
6:33 of 3rd period - Stopped by Jean-Francois Berube with a rebound.
6:35 of 3rd period - Snap shot by Valentin Zykov.
6:35 of 3rd period - Shot Blocked by J.T. Brown.
6:37 of 3rd period - Slapshot by Linden Vey.
6:37 of 3rd period - Shot Misses the Net.
8:00 of 3rd period - Penalty to Anton Slepyshev is over, Anton Slepyshev is back on ice.
8:05 of 3rd period - Petr Pohl is hit by Jacob Trouba and loses puck.
8:12 of 3rd period - Slapshot by Scott Wilson.
8:12 of 3rd period - Stopped by Jean-Francois Berube without a rebound.
8:13 of 3rd period - Robert Dome wins face-off versus Scott Wilson in Griffins zone.
8:21 of 3rd period - Wrist shot by Robert Dome.
8:21 of 3rd period - Shot Misses the Net.
8:23 of 3rd period - Wrist shot by Ryan Hartman.
8:23 of 3rd period - Shot Misses the Net.
8:25 of 3rd period - Wrist shot by Robert Dome.
8:25 of 3rd period - Goal by Robert Dome - Griffins : 2 - Knights : 4.
8:26 of 3rd period - Jamie Arniel wins face-off versus Noel Acciari in neutral zone.
9:14 of 3rd period - Quinton Howden is hit by Valentin Zykov.
9:54 of 3rd period - Snap shot by Noel Acciari.
9:54 of 3rd period - Stopped by Jean-Francois Berube with a rebound.
9:56 of 3rd period - Slapshot by Tomas Kundratek.
9:56 of 3rd period - Stopped by Jean-Francois Berube with a rebound.
9:58 of 3rd period - Wrist shot by Pavel Buchnevich.
9:58 of 3rd period - Stopped by Jean-Francois Berube without a rebound.
9:59 of 3rd period - Noel Acciari wins face-off versus Sean Monahan in Griffins zone.
10:10 of 3rd period - Snap shot by Tye McGinn.
10:10 of 3rd period - Stopped by Ben Scrivens with a rebound.
10:12 of 3rd period - Snap shot by Petr Pohl.
10:12 of 3rd period - Shot Misses the Net.
10:26 of 3rd period - Snap shot by Jamie Arniel.
10:26 of 3rd period - Goal by Jamie Arniel - Griffins : 3 - Knights : 4.
10:27 of 3rd period - Noel Acciari wins face-off versus Jamie Arniel in neutral zone.
11:40 of 3rd period - Oscar Klefbom is hit by Brendan Gaunce and loses puck.
11:49 of 3rd period - Slapshot by Bryan Young.
11:49 of 3rd period - Stopped by Ben Scrivens with a rebound.
12:25 of 3rd period - Slapshot by Oscar Klefbom.
12:25 of 3rd period - Stopped by Ben Scrivens with a rebound.
12:27 of 3rd period - Wrist shot by Robert Dome.
12:27 of 3rd period - Shot Misses the Net.
12:29 of 3rd period - Snap shot by Ryan Hartman.
12:29 of 3rd period - Shot Misses the Net.
12:31 of 3rd period - Wrist shot by Oscar Klefbom.
12:31 of 3rd period - Shot Misses the Net.
14:27 of 3rd period - Icing by Tom Wilson.
14:28 of 3rd period - Tye McGinn wins face-off versus Noel Acciari in Knights zone.
14:37 of 3rd period - Wrist shot by Petr Pohl.
14:37 of 3rd period - Shot Misses the Net.
15:14 of 3rd period - Minor Penalty to Jamie Arniel for Tripping.
15:15 of 3rd period - Miro Aaltonen wins face-off versus Ryan Hartman in Griffins zone.
15:41 of 3rd period - Michael Raffl is hit by Brendan Woods and loses puck.
17:12 of 3rd period - Brendan Woods is hit by Tom Wilson and loses puck.
17:14 of 3rd period - Penalty to Jamie Arniel is over, Jamie Arniel is back on ice.
17:21 of 3rd period - Tom Wilson is hit by Nathan Oystrick and loses puck.
17:26 of 3rd period - Wrist shot by Jamie Arniel.
17:26 of 3rd period - Deflect By Brett Connolly.
17:26 of 3rd period - Stopped by Ben Scrivens with a rebound.
17:28 of 3rd period - Snap shot by Jamie Arniel.
17:28 of 3rd period - Stopped by Ben Scrivens with a rebound.
17:30 of 3rd period - Slapshot by Oscar Klefbom.
17:30 of 3rd period - Shot Misses the Net.
17:59 of 3rd period - Brett Connolly is hit by Ty Wishart and loses puck.
18:58 of 3rd period - Pavel Buchnevich is hit by Robert Dome.
19:16 of 3rd period - Griffins, Jean-Francois Berube is pulled from the net.
19:18 of 3rd period - Wrist shot by Sean Monahan.
19:18 of 3rd period - Goal by Sean Monahan - Griffins : 4 - Knights : 4.
19:18 of 3rd period - Jean-Francois Berube from Griffins was sent back in the game.
19:19 of 3rd period - Jonathan Drouin wins face-off versus Sean Monahan in neutral zone.
19:26 of 3rd period - Wrist shot by Jonathan Drouin.
19:26 of 3rd period - Stopped by Jean-Francois Berube with a rebound.
Goals for this period are 3 for Griffins vs 0 for Knights.
Shots for this period are 11 for Griffins vs 12 for Knights.
Overtime #1
0:01 of 1st overtime period - Tom Wilson wins face-off versus Sean Monahan in neutral zone.
0:08 of 1st overtime period - Tom Wilson is hit by Oscar Klefbom and loses puck.
0:15 of 1st overtime period - Wrist shot by Sean Monahan.
0:15 of 1st overtime period - Shot Blocked by Michael Matheson.
1:35 of 1st overtime period - Slapshot by Oscar Klefbom.
1:35 of 1st overtime period - Stopped by Ben Scrivens without a rebound.
1:36 of 1st overtime period - Quinton Howden wins face-off versus Miro Aaltonen in Knights zone.
1:37 of 1st overtime period - Wrist shot by Tye McGinn.
1:37 of 1st overtime period - Stopped by Ben Scrivens with a rebound.
2:30 of 1st overtime period - Slapshot by Miro Aaltonen.
2:30 of 1st overtime period - Shot Blocked by Petr Pohl.
3:01 of 1st overtime period - Michael Matheson is hit by Sean Monahan and loses puck.
3:16 of 1st overtime period - Wrist shot by Linden Vey.
3:16 of 1st overtime period - Stopped by Jean-Francois Berube with a rebound.
4:44 of 1st overtime period - Wrist shot by Brendan Woods.
4:44 of 1st overtime period - Shot Misses the Net.
Goals for this period are 0 for Griffins vs 0 for Knights.
Shots for this period are 2 for Griffins vs 1 for Knights.
ShootOut
5:00 of 1st overtime period - Penalty Shot by Sean Monahan for Griffins.
5:00 of 1st overtime period - Snap shot by Sean Monahan.
5:00 of 1st overtime period - Stopped by Ben Scrivens.
5:00 of 1st overtime period - Penalty Shot by Michael Raffl for Knights.
5:00 of 1st overtime period - Deke by Michael Raffl.
5:00 of 1st overtime period - Goal by Michael Raffl.
5:00 of 1st overtime period - Penalty Shot by Jamie Arniel for Griffins.
5:00 of 1st overtime period - Deke by Jamie Arniel.
5:00 of 1st overtime period - Stopped by Ben Scrivens.
5:00 of 1st overtime period - Penalty Shot by Miro Aaltonen for Knights.
5:00 of 1st overtime period - Snap shot by Miro Aaltonen.
5:00 of 1st overtime period - Shot Misses the Net.
5:00 of 1st overtime period - Penalty Shot by Ben Hanowski for Griffins.
5:00 of 1st overtime period - Snap shot by Ben Hanowski.
5:00 of 1st overtime period - Goal by Ben Hanowski.
5:00 of 1st overtime period - Penalty Shot by Pavel Buchnevich for Knights.
5:00 of 1st overtime period - Backhand shot by Pavel Buchnevich.
5:00 of 1st overtime period - Shot Misses the Net.
5:00 of 1st overtime period - Penalty Shot by Robert Dome for Griffins.
5:00 of 1st overtime period - Deke by Robert Dome.
5:00 of 1st overtime period - Stopped by Ben Scrivens.
5:00 of 1st overtime period - Penalty Shot by Tom Wilson for Knights.
5:00 of 1st overtime period - Backhand shot by Tom Wilson.
5:00 of 1st overtime period - Shot Misses the Net.
5:00 of 1st overtime period - Penalty Shot by Brendan Woods for Griffins.
5:00 of 1st overtime period - Backhand shot by Brendan Woods.
5:00 of 1st overtime period - Stopped by Ben Scrivens.
5:00 of 1st overtime period - Penalty Shot by Jonathan Drouin for Knights.
5:00 of 1st overtime period - Wrist shot by Jonathan Drouin.
5:00 of 1st overtime period - Shot Misses the Net.
5:00 of 1st overtime period - Penalty Shot by Quinton Howden for Griffins.
5:00 of 1st overtime period - Wrist shot by Quinton Howden.
5:00 of 1st overtime period - Stopped by Ben Scrivens.
5:00 of 1st overtime period - Penalty Shot by Noel Acciari for Knights.
5:00 of 1st overtime period - Backhand shot by Noel Acciari.
5:00 of 1st overtime period - Goal by Noel Acciari.
Back to the Top